 Dungeon Crawl Stone Soup version 0.28.0 (webtiles) character file.

Game seed: 4076103982841668277

248194 ragingrage the Slayer (level 19, 0/200 HPs)
             Began as a Minotaur Berserker on Feb 4, 2022.
             Was the Champion of Trog.
             Slain by a broodmother (43 damage)
             ... on level 3 of the Spider Nest on Feb 5, 2022.
             The game lasted 00:36:31 (39234 turns).

ragingrage the Slayer (Minotaur Berserker)         Turns: 39234, Time: 00:36:31

Health: 0/200      AC: 32    Str: 30    XL:     19   Next: 57%
Magic:  0/18       EV: 15    Int:  4    God:    Trog [******]
Gold:   1984       SH:  0    Dex: 10    Spells: 18/18 levels left

rFire   + . .      SeeInvis +   e - +9 battleaxe of Truth {vorpal, *Rage rElec SInv}
rCold   . . .      Faith    .   (shield currently unavailable)
rNeg    . . .      Spirit   +   F - +18 Lear's hauberk
rPois   +          Reflect  .   (helmet currently unavailable)
rElec   +          Harm     .   D - +0 cloak {rPois}
rCorr   +          Rampage  .   (gloves currently unavailable)
Will    ++...      Rage     20% (boots currently unavailable)
Stlth   ..........              v - amulet of guardian spirit
HPRegen 0.43/turn               S - ring of Bekavuog {rElec Will+ rCorr Stlth+}
MPRegen 0.16/turn               U - ring "Idwoleve" {rPois rF+ SInv}

@: on berserk cooldown, slowed, studying Fighting, very slow
A: horns 2, retaliatory headbutt
a: Renounce Religion, Berserk, Trog's Hand, Brothers in Arms


You were on level 3 of the Spider Nest.
You worshipped Trog.
Trog was exalted by your worship.
You visited 6 branches of the dungeon, and saw 33 of its levels.
You visited 1 bazaar.
You also visited: Gauntlet.

You collected 3913 gold pieces.
You spent 1929 gold pieces at shops.

Inventory:

Hand Weapons
 a - the +9 hand axe of the Moon {vamp, rPois rCorr Int+2 Dex+3}
   (You found it on level 5 of the Dungeon)

   It occasionally heals its wielder for a portion of the damage dealt when it
   wounds a living foe.
   Int:       It affects your intelligence (+2).
   Dex:       It affects your dexterity (+3).
   rPois:     It protects you from poison.
   rCorr:     It protects you from acid and corrosion.
 b - a +1 battleaxe of flaming
 e - the +9 battleaxe of Truth (weapon) {vorpal, *Rage rElec SInv}
   (Trog gifted it to you on level 2 of the Spider Nest)

   It inflicts extra damage upon your enemies.
   rElec:     It insulates you from electricity.
   SInv:      It lets you see invisible.
   *Rage:     It berserks you when you make melee attacks (+20% chance).
 o - the +5 broad axe of Fragile Peace {speed, Stlth+}
   (You took it off a minotaur in a Gauntlet)

   Attacks with this weapon are significantly faster.
   Stlth:     It makes you more stealthy.
Missiles
 h - 11 javelins (quivered)
 q - 4 curare-tipped darts
 y - 2 throwing nets
 W - 5 silver javelins
Armour
 D - a +0 cloak of poison resistance (worn)
 F - the +18 Lear's hauberk (worn)
   (You found it on level 8 of the Dungeon)
 V - the +4 plate armour "Qiceighe" {Regen+ Str+2 Int-3 Dex+4}
   (You took it off a deep elf high priest on level 3 of the Elven Halls)

   Str:       It affects your strength (+2).
   Int:       It affects your intelligence (-3).
   Dex:       It affects your dexterity (+4).
   Regen:     It increases your rate of health regeneration.
 Y - a +2 pair of gloves of stealth
Jewellery
 p - a ring of flight
 v - an amulet of guardian spirit (around neck)
 B - the ring "Azixkor" {Str+4 Slay+4}
   (You acquired it on level 2 of the Orcish Mines)

   [ring of slaying]

   Str:       It affects your strength (+4).
   Slay:      It affects your accuracy & damage with ranged weapons and melee
   (+4).
 S - the ring of Bekavuog (left hand) {rElec Will+ rCorr Stlth+}
   (You bought it in a shop in a bazaar)

   [ring of willpower]

   rElec:     It insulates you from electricity.
   rCorr:     It protects you from acid and corrosion.
   Will:      It increases your willpower.
   Stlth:     It makes you more stealthy.
 U - the ring "Idwoleve" (right hand) {rPois rF+ SInv}
   (You bought it in a shop on level 2 of the Elven Halls)

   [ring of see invisible]

   rF:        It protects you from fire.
   rPois:     It protects you from poison.
   SInv:      It lets you see invisible.
Wands
 u - a wand of iceblast (22)
 z - a wand of digging (5)
 A - a wand of acid (20)
 I - a wand of flame (55)
 J - a wand of paralysis (5)
Scrolls
 c - a scroll of fog
 f - 6 scrolls of enchant armour
 g - 9 scrolls of blinking
 j - 5 scrolls of immolation
 l - 3 scrolls of silence
 m - 5 scrolls of vulnerability
 r - 14 scrolls of identify
 w - 4 scrolls of teleportation
 x - 4 scrolls of enchant weapon
 C - 3 scrolls of brand weapon
 L - 7 scrolls of fear
 M - 2 scrolls of holy word
 P - 3 scrolls of summoning
 X - a scroll of magic mapping
Potions
 i - 16 potions of curing
 k - 6 potions of ambrosia
 n - 5 potions of flight
 s - 4 potions of resistance
 t - 5 potions of mutation
 E - 4 potions of heal wounds
 G - 5 potions of lignification
 H - 2 potions of attraction
 N - a potion of cancellation
 O - 7 potions of might
 Q - 2 potions of invisibility
 R - a potion of berserk rage
 T - 12 potions of haste
Miscellaneous
 d - a box of beasts
 K - a tin of tremorstones (2/2)
 Z - a condenser vane


   Skills:
 + Level 24.4 Fighting
 - Level 19.8(20.0) Axes
 - Level 3.8(13.5) Polearms
 + Level 9.1 Throwing
 + Level 13.5 Armour
 - Level 20.0 Dodging
 + Level 11.5 Evocations


You had 18 spell levels left.
You didn't know any spells.
Your spell library was empty.

Dungeon Overview and Level Annotations

Branches:
Dungeon (15/15)            Temple (0/1) D:6            Lair (6/6) D:10
 Shoals (0/4) Lair:2       Spider (3/4) Lair:2        Slime (0/5) Lair:5
    Orc (2/2) D:9             Elf (3/3) Orc:2        Vaults (0/5) D:14
 Depths (4/4) D:15        Gauntlet (visited)
    Zot: Depths:4

Altars:
Hepliaklqana
Trog
Uskayaw
Wu Jian
Xom
Yredelemnul
Beogh
Jiyva

Shops:
D:3 ?   D:6 [   D:9 !   Orc:2 ((::*   Elf:2 ?=!   Depths:2 !

Portals:
Pandemonium: Depths:2
Trove: Elf:1 (give 2 scrolls of acquirement)

Annotations:
D:10 2 transporters, Plog's ghost, journeyman KoBr
D:13 1 runed translucent door, ragingrage's ghost, journeyman MiBe
Lair:5 2 transporters, Jeban's ghost, journeyman OpFi
Elf:2 3 runed translucent doors


Innate Abilities, Weirdness & Mutations

You have a pair of horns on your head.
You reflexively headbutt those who attack you in melee.


Message History

The jumping spider closely misses your deep troll.
The jumping spider leaps!
The broodmother bites you but does no damage.
Your deep troll bites the jumping spider!!
Your deep troll barely misses the jumping spider.
Your deep troll claws the jumping spider!
The jumping spider leaps!
Unknown command.
As you read the scroll of fear, it crumbles to dust.
You assume a fearsome visage.
The jumping spider looks frightened!
The orb spider looks frightened!
The broodmother is unaffected.
The jumping spider looks frightened! x2; The broodmother completely misses you.
The jumping spider leaps! x2
The broodmother bites you but does no damage.
The jumping spider leaps!
Your deep troll bites the jumping spider but does no damage.
Your deep troll's attack snaps the jumping spider out of its fear.
Your deep troll claws the jumping spider!
The jumping spider dies!
Trog accepts your kill.
The jumping spider leaps!
The broodmother bites you but does no damage.
The jumping spider leaps!
Unknown command.
Your deep troll bites the jumping spider but does no damage.
Your deep troll claws the jumping spider!
The jumping spider dies!
Trog accepts your kill. The broodmother completely misses you.
The broodmother bites you!!
* * * LOW HITPOINT WARNING * * *
Your deep troll barely misses the broodmother.
Your deep troll claws the broodmother but does no damage.
Your deep troll claws the broodmother.
The broodmother bites your deep troll!!!
Your deep troll dies!
Your deep troll's corpse disappears in a puff of smoke!
You see here a tarantella corpse.
Unknown command.
You feel much better. The broodmother bites you!!!
You die...

#.##
#......#....####
..^####.#........#
....# ####....#.##
## ##.^# ########
###..## #...#
##.^.....
#..######## ##†..^#
#..#...#^.# ##..†.#
##.....^..#
##))##### ##.#....##
#..@s§#.#
######..#####.#.§..#
#..#^.######s.#
#.^^..######.(#
##..#....##.°###
#####....##°..# #
###...##..#..#
##......>.^#
#..........#


You could see a broodmother (berserk) and an orb spider (summoned).

Vanquished Creatures
  3 deep elf master archers (Elf:3)
  2 deep elf blademasters (Elf:3)
  A lich (Depths:4)
  Kirke (Lair:6)
  Roxanne (Elf:2)
  Frances (D:14)
  A storm dragon (Depths:4)
  9 deep elf sorcerers
  6 emperor scorpions
  2 frost giants (Depths:1)
  2 orc warlords
  A deep elf elementalist (Elf:3)
  A ghost moth (Spider:1)
  A balrug (Depths:1)
  5 very ugly things (Depths:1)
  A broodmother (Spider:1)
  3 stone giants
  7 deep elf demonologists
  8 spark wasps
  A minotaur (Gauntlet)
  An entropy weaver (Spider:1)
  9 deep elf annihilators
  5 deep elf death magi
  2 ettins
  The ghost of airbud the Spear-Bearer, a journeyman MfTm of Hepliaklqana (Lair:2)
  A blizzard demon (Gauntlet)
  Josephine (D:13)
  2 fire dragons
  2 great orbs of eyes (Depths:1)
  5 deep elf high priests (Elf:3)
  13 hydras
  2 ice dragons
  7 boulder beetles
  2 rakshasas
  2 jorogumos (Spider:1)
  A spriggan air mage (Depths:4)
  2 catoblepae
  4 centaur warriors
  Erica (Lair:2)
  4 two-headed ogres
  A death knight (D:15)
  15 dancing weapons
  2 radroaches (Spider:1)
  A merfolk avatar (Lair:6)
  8 death yaks
  A deep troll shaman (Depths:1)
  2 deep troll earth magi (D:15)
  5 tengu warriors
  5 orc high priests
  5 spriggan berserkers
  A soul eater (Depths:1)
  Urug (Lair:2)
  4 hell knights (Depths:1)
  A skeletal warrior (D:15)
  6 deep elf knights
  2 sun demons (Depths:1)
  A sea snake (Lair:6)
  3 orb spiders
  6 deep trolls (Depths:1)
  A flayed ghost (Depths:1)
  2 steelbarb worms
  A harpy (Lair:6)
  4 orc knights
  7 deep elf archers (Elf:1)
  4 wizards
  Pikel (D:9)
  30 deep elf pyromancers
  A mana viper (shapeshifter) (D:13)
  5 orc sorcerers
  2 large abominations (Gauntlet)
  2 necromancers
  19 deep elf zephyrmancers
  2 cyclopes
  12 ugly things
  2 salamanders (Depths:1)
  10 wolf spiders
  A salamander (shapeshifter) (Depths:1)
  3 moths of wrath
  2 manticores
  9 elephants
  A molten gargoyle (Depths:1)
  7 black mambas
  A naga mage (D:15)
  A gargoyle (D:12)
  3 cane toads
  3 torpor snails
  An unseen horror (D:13)
  2 smoke demons (Depths:1)
  3 rime drakes
  3 demonic crawlers
  A komodo dragon (shapeshifter) (D:14)
  15 komodo dragons
  A freezing wraith (D:9)
  3 tengu conjurers
  A kobold demonologist (D:10)
  2 polar bears (Lair:6)
  A guardian mummy (Elf:1)
  A queen bee (Lair:2)
  A wind drake (Lair:2)
  5 trolls
  A polar bear (shapeshifter) (D:14)
  12 tarantellas
  7 meliai
  A hornet (shapeshifter) (D:15)
  9 blink frogs
  3 slime creatures (D:14)
  12 hornets
  16 dream sheep
  43 yaks
  12 jumping spiders
  6 culicivoras
  3 spriggans
  A shadow (D:9)
  9 wraiths
  3 water elementals
  An air elemental (Elf:1)
  Sigmund (D:3)
  5 hogs (Lair:6)
  A vampire (D:11)
  5 basilisks
  3 fire bats (Lair:5)
  2 fire elementals (Elf:1)
  4 wyverns
  6 steam dragons
  27 redbacks
  8 vampire mosquitoes
  5 wargs (Orc:2)
  10 water moccasins
  Duvessa (D:7)
  29 orc warriors
  An ice beast (D:8)
  A sky beast (D:7)
  A hornet zombie (D:7)
  A black bear (Lair:2)
  An ogre (Orc:1)
  2 necrophages
  13 wolves
  17 centaurs
  A lemure (D:9)
  A kobold brigand (D:8)
  14 bullfrogs
  A wyvern zombie (D:7)
  2 earth elementals
  2 scorpions
  6 small abominations (Gauntlet)
  A water moccasin skeleton (D:5)
  Dowan (D:7)
  A water moccasin zombie (D:6)
  20 killer bees
  2 howler monkeys (D:8)
  3 centaur zombies
  A jelly (D:6)
  A gnoll shaman (D:5)
  32 orc priests
  A bullfrog skeleton (D:6)
  6 hounds
  Crazy Yiuf (D:4)
  6 centaur skeletons
  5 iguanas
  7 hell rats (Lair:4)
  25 orc wizards
  A hound zombie (D:5)
  Robin (D:3)
  6 adders
  8 gnolls (D:5)
  A howler monkey skeleton (D:7)
  2 white imps
  4 dart slugs
  48 orcs
  9 ball pythons
  6 endoplasms
  2 giant cockroaches
  9 goblins
  12 hobgoblins
  8 jackals
  5 kobolds
  A quokka (D:1)
  9 bats
  3 frilled lizards (D:3)
  7 rats
  A spectral orc (D:7)
  A butterfly (Spider:1)
937 creatures vanquished.

Vanquished Creatures (collateral kills)
  2 elephants (Lair:6)
  2 rime drakes (Lair:6)
  A wind drake (Lair:6)
  A tarantella (Spider:3)
  A snapping turtle (Lair:6)
  2 jumping spiders (Spider:3)
  5 yaks (Lair:6)
  5 orc warriors (Orc:1)
  An orc priest (Orc:1)
  An orc wizard (Orc:1)
  2 orcs (Orc:1)
23 creatures vanquished.

Vanquished Creatures (others)
  A centaur warrior (D:15)
  A wizard (D:15)
  A killer bee (D:9)
  An orc (D:5)
  36 fungi
  34 plants
  2 withered plants (D:13)
76 creatures vanquished.

Grand Total: 1036 creatures vanquished

Notes
Turn   | Place    | Note
-------+----------+-------------------------------------------
     0 | D:1      | ragingrage the Minotaur Berserker began the quest for the
                  | Orb.
     0 | D:1      | Reached XP level 1. HP: 19/19 MP: 0/0
   165 | D:1      | Reached skill level 1 in Polearms
   233 | D:1      | Reached XP level 2. HP: 27/27 MP: 1/1
   539 | D:1      | Reached skill level 4 in Fighting
   709 | D:2      | Reached XP level 3. HP: 23/33 MP: 2/2
   918 | D:2      | Found a shimmering altar of Xom.
  1160 | D:2      | Reached ** piety under Trog
  1328 | D:2      | Reached XP level 4. HP: 39/41 MP: 3/3
  1367 | D:2      | Found the +6 shillelagh "Devastator" {shatter}
  1636 | D:3      | Found Uqisocam's Magic Scroll Shoppe.
  1687 | D:3      | Noticed Sigmund
  1766 | D:3      | Killed Sigmund
  1767 | D:3      | Reached skill level 5 in Fighting
  1767 | D:3      | Reached skill level 5 in Axes
  1767 | D:3      | Reached XP level 5. HP: 48/48 MP: 4/4
  1790 | D:3      | Bought a scroll of identify for 24 gold pieces
  1889 | D:3      | Noticed Robin
  1897 | D:3      | Reached XP level 6. HP: 51/56 MP: 5/5
  1907 | D:3      | Killed Robin
  2672 | D:4      | Reached skill level 6 in Fighting
  2910 | D:4      | Reached *** piety under Trog
  3440 | D:4      | Found a runed translucent door.
  3441 | D:4      | Noticed Crazy Yiuf
  3617 | D:4      | Killed Crazy Yiuf
  3669 | D:5      | Entered Level 5 of the Dungeon
  3766 | D:5      | Reached XP level 7. HP: 43/64 MP: 6/6
  3929 | D:5      | Reached skill level 7 in Fighting
  4791 | D:5      | Reached skill level 8 in Fighting
  4982 | D:5      | Identified the +9 hand axe of the Moon {vamp, rPois rCorr
                  | Int+2 Dex+3}
  5046 | D:6      | Reached XP level 8. HP: 75/75 MP: 5/7
  5372 | D:6      | Found a staircase to the Ecumenical Temple.
  5849 | D:6      | Reached skill level 9 in Fighting
  6045 | D:6      | Found Qatwy's Armour Shop.
  6068 | D:6      | Bought a +0 cloak of poison resistance for 93 gold pieces
  6305 | D:7      | Reached skill level 1 in Evocations
  6622 | D:7      | Reached XP level 9. HP: 84/84 MP: 8/8
  6706 | D:7      | Paralysed by a hornet for 2 turns
  6712 | D:7      | Reached skill level 10 in Axes
  7170 | D:7      | Noticed Dowan
  7171 | D:7      | Noticed Duvessa
  7172 | D:7      | Killed Dowan
  7180 | D:7      | Killed Duvessa
  7445 | D:7      | Found a basalt altar of Yredelemnul.
  7814 | D:8      | Reached skill level 10 in Fighting
  8602 | D:8      | Found the +18 Lear's hauberk
  8702 | D:8      | Reached skill level 5 in Armour
  8711 | D:8      | Reached **** piety under Trog
  8712 | D:8      | Reached XP level 10. HP: 94/94 MP: 9/9
  9040 | D:9      | Found a staircase to the Orcish Mines.
  9092 | D:9      | Reached skill level 5 in Dodging
  9188 | D:9      | Found Zome's Distillery.
  9199 | D:9      | Bought a potion of resistance for 120 gold pieces
  9199 | D:9      | Bought a potion of mutation for 96 gold pieces
  9319 | D:9      | Noticed Pikel
  9326 | D:9      | Killed Pikel
  9787 | D:10     | Entered Level 10 of the Dungeon
  9788 | D:10     | Found a transporter.
  9808 | D:10     | Noticed Plog's ghost (journeyman KoBr)
 10103 | D:10     | Reached skill level 11 in Fighting
 10243 | D:10     | Found a transporter.
 10248 | D:10     | Noticed a cyan ugly thing
 10253 | D:10     | Found a staircase to the Lair.
 10264 | D:10     | Noticed a black mamba
 10264 | D:10     | a komodo dragon changed into a black mamba
 10275 | D:10     | Identified the ring of Faczap {rF- rC+ Will+ MP+9}
 10502 | D:10     | Noticed a two-headed ogre
 10508 | D:10     | Killed a two-headed ogre
 10657 | D:10     | Noticed a moth of wrath
 10734 | D:11     | Reached XP level 11. HP: 102/102 MP: 10/10
 10803 | D:11     | Noticed a two-headed ogre
 10810 | D:11     | Killed a two-headed ogre
 11131 | D:11     | Reached skill level 5 in Evocations
 11151 | D:11     | Identified the +9 whip "Mof Vat" {freeze, Str+8}
 11204 | D:11     | Noticed a two-headed ogre
 11208 | D:11     | Killed a two-headed ogre
 11602 | D:11     | Noticed a red ugly thing
 11608 | D:11     | Killed a red ugly thing
 11982 | D:12     | Noticed a purple ugly thing
 11983 | D:12     | Noticed a white ugly thing
 11990 | D:12     | Killed a purple ugly thing
 11994 | D:12     | Killed a white ugly thing
 12237 | D:12     | Reached skill level 12 in Fighting
 12782 | D:13     | Noticed a tengu warrior
 12782 | D:13     | Noticed a centaur warrior
 12787 | D:13     | Killed a centaur warrior
 12792 | D:13     | Killed a tengu warrior
 12793 | D:13     | Reached XP level 12. HP: 113/113 MP: 11/11
 12868 | D:13     | Noticed Josephine
 12880 | D:13     | Killed Josephine
 12976 | D:13     | Noticed a boulder beetle
 12993 | D:13     | Killed a boulder beetle
 13085 | D:13     | Noticed a centaur warrior
 13097 | D:13     | Killed a centaur warrior
 13263 | D:13     | Noticed a centaur warrior
 13274 | D:13     | Killed a centaur warrior
 13371 | D:13     | Found a runed translucent door.
 13371 | D:13     | Noticed ragingrage's ghost (journeyman MiBe)
 13456 | D:13     | Noticed a fire dragon
 13467 | D:13     | Killed a fire dragon
 13468 | D:13     | Reached skill level 13 in Fighting
 13484 | D:13     | Reached skill level 10 in Armour
 13533 | D:13     | Found a hazy altar of Hepliaklqana.
 13847 | D:14     | Noticed a four-headed hydra
 13855 | D:14     | Killed a one-headed hydra
 14209 | D:14     | Noticed a rakshasa
 14227 | D:14     | Killed a rakshasa
 14441 | D:14     | Noticed Frances
 14455 | D:14     | Killed Frances
 14529 | D:14     | Noticed a two-headed ogre
 14537 | D:14     | Reached skill level 10 in Dodging
 14539 | D:14     | Killed a two-headed ogre
 14597 | D:14     | Found a gate to the Vaults.
 14646 | D:14     | Identified the +8 trident of the Traitor {antimagic, rF++
                  | Str-5}
 14812 | D:14     | Reached skill level 14 in Fighting
 14816 | D:14     | Reached XP level 13. HP: 124/124 MP: 12/12
 14930 | D:15     | Entered Level 15 of the Dungeon
 15775 | D:15     | Reached skill level 15 in Fighting
 15897 | D:15     | Found a staircase to the Depths.
 16420 | Orc:1    | Entered Level 1 of the Orcish Mines
 16695 | Orc:1    | Noticed an orc warlord
 16722 | Orc:1    | Killed an orc warlord
 17101 | Orc:1    | Reached skill level 16 in Fighting
 17558 | Orc:2    | Entered Level 2 of the Orcish Mines
 17675 | Orc:2    | Noticed an orc warlord
 17706 | Orc:2    | Killed an orc warlord
 17707 | Orc:2    | Reached XP level 14. HP: 138/138 MP: 8/13
 18035 | Orc:2    | Found Qaptily's Assorted Antiques.
 18045 | Orc:2    | Bought a potion of curing for 102 gold pieces
 18048 | Orc:2    | Identified 2 scrolls of acquirement
 18049 | Orc:2    | Acquired a manual of Dodging
 18053 | Orc:2    | Acquired the ring "Azixkor" {Str+4 Slay+4}
 18058 | Orc:2    | Bought a scroll labelled WOARIAMIFA for 34 gold pieces
 18179 | Orc:2    | Reached skill level 1 in Throwing
 18188 | Orc:2    | Reached ***** piety under Trog
 18207 | Orc:2    | Found Guppats's Book Boutique.
 18207 | Orc:2    | Found Hirch's Book Boutique.
 18207 | Orc:2    | Found Pucviano's Weapon Shop.
 18256 | Orc:2    | Found Linoog's Antique Weapon Shop.
 18483 | Orc:2    | Found a staircase to the Elven Halls.
 18797 | Orc:2    | Received a gift from Trog
 19270 | Depths:1 | Entered Level 1 of the Depths
 19270 | Depths:1 | Noticed a green very ugly thing
 19270 | Depths:1 | Noticed a green very ugly thing
 19271 | Depths:1 | Noticed a green very ugly thing
 19273 | Depths:1 | Noticed a green very ugly thing
 19274 | Depths:1 | Noticed a green very ugly thing
 19280 | Depths:1 | Killed a green very ugly thing
 19287 | Depths:1 | Killed a green very ugly thing
 19293 | Depths:1 | Killed a green very ugly thing
 19296 | Depths:1 | Killed a green very ugly thing
 19297 | Depths:1 | Reached skill level 15 in Dodging
 19299 | Depths:1 | Killed a green very ugly thing
 19301 | Depths:1 | Reached skill level 17 in Fighting
 19811 | Depths:1 | Noticed a frost giant
 19829 | Depths:1 | Killed a frost giant
 19922 | Depths:1 | Identified the +9 morningstar of Linearity {vorpal, rN+
                  | Dex+3}
 20011 | Depths:1 | Noticed a balrug
 20640 | Depths:1 | Killed a balrug
 20772 | Depths:1 | Reached skill level 5 in Throwing
 20834 | Depths:1 | Noticed a stone giant
 21263 | Elf:1    | Entered Level 1 of the Elven Halls
 21281 | Elf:1    | Reached XP level 15. HP: 147/147 MP: 14/14
 21338 | Elf:1    | Noticed a deep elf sorcerer
 21354 | Elf:1    | Killed a deep elf sorcerer
 21425 | Elf:1    | Found a portal to a secret trove of treasure.
 21491 | Elf:1    | Received a gift from Trog
 21496 | Elf:1    | Noticed a Hell Sentinel
 21551 | Elf:1    | Reached skill level 18 in Fighting
 21723 | Elf:1    | Found a flickering gateway to a bazaar.
 21732 | Bazaar   | Entered a bazaar
 21732 | Bazaar   | Found Vywat's Assorted Antiques.
 21732 | Bazaar   | Found Tavawaj's Book Boutique.
 21732 | Bazaar   | Found Redeq's Distillery.
 21732 | Bazaar   | Found Faamoipp's Book Boutique.
 21732 | Bazaar   | Found Lued's Armour Shop.
 21882 | Bazaar   | Bought a potion of heal wounds for 75 gold pieces
 21882 | Bazaar   | Bought a potion of heal wounds for 75 gold pieces
 21882 | Bazaar   | Bought a potion of heal wounds for 75 gold pieces
 21882 | Bazaar   | Bought a potion of might for 60 gold pieces
 21882 | Bazaar   | Bought a potion of invisibility for 120 gold pieces
 21882 | Bazaar   | Bought a potion of berserk rage for 75 gold pieces
 21890 | Bazaar   | Bought a scorched bronze ring for 140 gold pieces
 21890 | Bazaar   | Identified the ring of Bekavuog {rElec Will+ rCorr Stlth+}
                  | (You bought it in a shop in a bazaar)
 21890 | Bazaar   | Bought a fizzy black potion for 25 gold pieces
 21890 | Bazaar   | Bought a potion of curing for 84 gold pieces
 22554 | Elf:1    | Reached skill level 15 in Axes
 23054 | Elf:1    | Paralysed by an air elemental for 1 turns
 23484 | Elf:2    | Found Caopaq's Distillery.
 23513 | Elf:2    | Bought a potion of haste for 140 gold pieces
 23540 | Elf:2    | Noticed Roxanne
 23555 | Elf:2    | Killed Roxanne
 23665 | Elf:2    | Identified the ring "Husioryr" {rF+ Int+3}
 23994 | Elf:2    | Found Tillac's Jewellery Emporium.
 24007 | Elf:2    | Bought the ring "Idwoleve" {rPois rF+ SInv} for 464 gold
                  | pieces
 24028 | Elf:2    | Found Guxzeduan's Magic Scroll Shoppe.
 24036 | Elf:2    | Bought a scroll of blinking for 127 gold pieces
 24228 | Elf:2    | Found a runed translucent gate.
 24273 | Elf:2    | Found a runed translucent gate.
 24273 | Elf:2    | Found a runed translucent gate.
 24304 | Elf:3    | Entered Level 3 of the Elven Halls
 24458 | Elf:3    | Reached XP level 16. HP: 92/159 MP: 7/15
 25002 | Elf:3    | Identified the +1 leather armour of Fortitude {rElec rCorr
                  | Stlth+}
 25173 | Elf:3    | Received a gift from Trog
 25173 | Elf:3    | Noticed a deep elf master archer
 25174 | Elf:3    | Reached skill level 19 in Fighting
 25175 | Elf:3    | Noticed a deep elf blademaster
 25191 | Elf:3    | Killed a deep elf master archer
 25195 | Elf:3    | Killed a deep elf blademaster
 25516 | Elf:3    | Noticed a deep elf blademaster
 25525 | Elf:3    | Killed a deep elf blademaster
 25584 | Elf:3    | Noticed a deep elf master archer
 25594 | Elf:3    | Identified the +7 dagger of Honesty {vamp, rElec rC+}
 25597 | Elf:3    | Identified the +8 quarterstaff "Dragon's Tongue" {freeze,
                  | Drain rCorr Int+9 Stlth-}
 25601 | Elf:3    | Killed a deep elf master archer
 25612 | Elf:3    | Identified the +9 double sword "Zothutar" {vorpal, Fly
                  | Str-3 Int+4}
 26428 | Elf:3    | Identified the +4 plate armour "Qiceighe" {Regen+ Str+2
                  | Int-3 Dex+4}
 26583 | Elf:3    | Noticed a Tzitzimitl
 26595 | Elf:3    | Reached skill level 20 in Fighting
 26671 | Elf:3    | Identified the +6 trident of Bloody Death {elec, *Rage
                  | Int+7}
 26728 | Elf:3    | Noticed a deep elf master archer
 26737 | Elf:3    | Killed a deep elf master archer
 26737 | Elf:3    | Received a gift from Trog
 26809 | Elf:3    | Identified the +6 halberd "Giwom" {holy, rF+ Int+4 SInv}
 26825 | Elf:3    | Identified the +4 triple sword of Wu Jian's Favour {vorpal,
                  | Int-4 Dex+5}
 26828 | Elf:3    | Noticed a Tzitzimitl
 26909 | Elf:3    | Identified the ring of Interdependent Arising {Fire MP+9
                  | Int+2}
 28448 | Depths:2 | Noticed a lich
 28882 | Depths:1 | Reached XP level 17. HP: 170/170 MP: 16/16
 29006 | Depths:2 | Found a one-way gate leading to the halls of Pandemonium.
 29021 | Depths:2 | Found Zitzod's Distillery.
 29041 | Depths:4 | Entered Level 4 of the Depths
 29442 | Depths:4 | Noticed a lich
 29459 | Depths:4 | Killed a lich
 29810 | Lair:1   | Entered Level 1 of the Lair of Beasts
 29944 | Lair:1   | Received a gift from Trog
 29989 | Lair:1   | Reached skill level 21 in Fighting
 30851 | Lair:2   | Noticed Urug
 30855 | Lair:2   | Killed Urug
 30899 | Lair:2   | Noticed Erica
 30911 | Lair:2   | Killed Erica
 31062 | Lair:2   | Found a transporter.
 31063 | Lair:2   | Found a transporter.
 31089 | Lair:2   | Found a staircase to the Shoals.
 31268 | Lair:2   | Noticed airbud's ghost (journeyman MfTm)
 31286 | Lair:2   | Identified the amulet "Kysh" {RegenMP rN+}
 31398 | Lair:2   | Found a hole to the Spider Nest.
 31749 | Lair:2   | Killed airbud's ghost
 31764 | Lair:2   | Received a gift from Trog
 31772 | Lair:2   | Identified the -5 cloak "Wepathr Nuqi" {*Corrode Dex+2
                  | Slay+5}
 32012 | Lair:3   | Reached skill level 22 in Fighting
 32982 | Lair:4   | Identified the +9 dagger "Oshigy" {holy, *Corrode rC+
                  | Will+}
 33779 | Lair:5   | Found a viscous altar of Jiyva.
 33812 | Lair:5   | Found a staircase to the Slime Pits.
 33900 | Lair:5   | Reached ****** piety under Trog
 34064 | Lair:5   | Found a transporter.
 34096 | Lair:5   | Found a bloodstained altar of Trog.
 34156 | Lair:5   | Reached skill level 10 in Evocations
 34411 | Lair:5   | Found a transporter.
 34413 | Lair:5   | Noticed Jeban's ghost (journeyman OpFi)
 34651 | Lair:6   | Entered Level 6 of the Lair of Beasts
 34678 | Lair:6   | Found a gate leading to a gauntlet.
 34918 | Gauntlet | Entered a Gauntlet
 34918 | Gauntlet | Found a transporter.
 34918 | Gauntlet | Found a transporter.
 34918 | Gauntlet | Found a transporter.
 34968 | Gauntlet | Found a transporter.
 34968 | Gauntlet | Found a transporter.
 34983 | Gauntlet | Found a transporter.
 34984 | Gauntlet | Found a transporter.
 35043 | Gauntlet | Found a transporter.
 35053 | Gauntlet | Found a transporter.
 35068 | Gauntlet | Found a transporter.
 35082 | Gauntlet | Found a transporter.
 35093 | Gauntlet | Found a transporter.
 35180 | Gauntlet | Received a gift from Trog
 35198 | Gauntlet | Identified the ring of Vihief {*Slow Fly rElec Int+3 Dex+8}
 35387 | Gauntlet | Identified the +5 broad axe of Fragile Peace {speed,
                  | Stlth+}
 35572 | Lair:6   | Reached skill level 23 in Fighting
 35721 | Lair:6   | Noticed Kirke
 35737 | Lair:6   | Killed Kirke
 35738 | Lair:6   | Reached XP level 18. HP: 170/188 MP: 14/17
 35831 | Lair:6   | Found a hide-covered altar of Uskayaw.
 36080 | Lair:6   | Found an ornate altar of the Wu Jian Council.
 36307 | Lair:6   | Identified the +11 trident "Immipam" {drain, rPois Will+}
 36329 | Lair:6   | Reached XP level 19. HP: 195/195 MP: 18/18
 36431 | Spider:1 | Entered Level 1 of the Spider Nest
 37110 | Spider:1 | Paralysed by a jorogumo for 2 turns
 37256 | Spider:1 | Reached skill level 24 in Fighting
 37890 | Spider:2 | Identified the +9 battleaxe of Truth {vorpal, *Rage rElec
                  | SInv} (Trog gifted it to you on level 2 of the Spider Nest)
 37890 | Spider:2 | Received a gift from Trog
 38827 | Spider:2 | Identified the +9 battleaxe of Wafideps {holy, Dex+3}
 39234 | Spider:3 | Slain by a broodmother

Illustrated notes

Levels and vault maps discovered:
D:1:      mrwooster_arrival_statue, layout_loops_ring
D:2:      layout_basic, basic_altar
D:3:      layout_rooms, serial_shops, shop, hangedman_abyss_or_decor_stabs,
          uniq_sigmund, uniq_robin
D:4:      layout_basic, uniq_crazy_yiuf_cottage
D:5:      layout_basic
D:6:      layout_loops_cross, minmay_temple_entry_proselytizer, serial_shops,
          nicolae_shop_trees
D:7:      layout_loops_ring, yredelemnul_forgotten_temple_becter,
          glass_columns_a, uniq_duvessa
D:8:      layout_loops_ring, minmay_crossroads
D:9:      layout_stronghold, david_orc_2, serial_shops, nicolae_shop_stone,
          uniq_pikel
D:10:     layout_irregular_city, lair_entry_dummy, nzn_ghost_randoct,
          minmay_tree_intersection
D:11:     layout_basic
D:12:     layout_roguey, minmay_statues_item
D:13:     layout_basic, gammafunk_ghost_grave, nicolae_hepliaklqana_hippocampus,
          uniq_josephine
D:14:     layout_rooms, david_vaults_1, serial_glass, glass_columns_a,
          glass_columns_b, minmay_misc_feat_ornament, uniq_frances
D:15:     grunt_enter_depths_magical_seal, layout_loops_ring,
          minmay_misc_feat_rows
Lair:1:   layout_cave_pods, minivault_11, grunt_megastairs_3
Lair:2:   layout_small_grid, minmay_shoals_entry_beasts,
          hellmonk_spider_entry_life_and_decay, gammafunk_ghost_hive,
          lemuel_fruit_fields, uniq_erica, uniq_urug
Lair:3:   layout_roguey
Lair:4:   layout_misc_corridors, hangedman_lair_generics_rect,
          lemuel_fruit_fields
Lair:5:   layout_regular_city, slime_altar_1, nicolae_volcano_entry_batcave,
          gammafunk_ghost_wrathful_warriors, fungi_pond_lemuel,
          hibernation_bobbens
Lair:6:   gammafunk_lair_ancient_temple, layout_small_grid,
          gauntlet_entry_generic, nzn_masters_of_martial_movement, uniq_kirke
Spider:1: nicolae_spider_hall_of_the_moth_king
Spider:2: layout_spider_delve
Spider:3: layout_spider_delve
Orc:1:    orc_temple, layout_diamond_mine
Orc:2:    st_orc_mages, layout_diamond_mine, serial_shops,
          nicolae_shop_hallway_plus
Elf:1:    minmay_elf_arrival_summoners, layout_loops_corners, serial_shops,
          bzr_entry_dummy, nicolae_trove_entry_path_of_doom,
          minmay_elf_demonology, minivault_28
Elf:2:    nicolae_elf_blades_crystal_corner, layout_geoelf_grid, serial_shops,
          nicolae_square_shop, shop, nicolae_square_shop,
          serial_sigils_hangedman_scratch, serial_sigils_hangedman_confine,
          uniq_roxanne
Elf:3:    minmay_elf_hall_furrowed, layout_rooms, lemuel_flame_loot_1
Depths:1: layout_cave_shapes, hellmouth_3, minmay_misc_feat_doors,
          nicolae_qazlal_general_emergency
Depths:2: hourglass_vault, layout_twisted_cross, abyss_entry, special_room
          [special_room_morgue], pan_entry, serial_shops,
          nicolae_shop_behind_doors, pf_hell_entry_tar_river,
          minmay_misc_feat_hallway, nicolae_two_hexagons,
          fedhas_altar_fruit_tree, infiniplex_staircase_diamond,
          serial_bayou_shore_b
Depths:3: nzn_winding_woodlands_small [nzn_winding_woodlands_5x15_eye,
          nzn_winding_woodlands_center_lodge,
          nzn_winding_woodlands_5x15_jagged], layout_basic, serial_shops,
          nicolae_shop_advertising_works [nicolae_subvault_shop_adworks],
          hell_entry, abyss_entry, hangedman_abyss_or_decor_slice,
          minmay_shoptagon
Depths:4: grunt_zot_entry_bicorn, layout_basic, enter_ziggurat_b,
          minmay_misc_feat_alley, pf_vacation_house_of_asmodeus,
          serial_bayou_pond_e, lemuel_old_faithful

Skill      XL: |  1  2  3  4  5  6  7  8  9 10 11 12 13 14 15 16 17 18 19 |
---------------+----------------------------------------------------------+-----
Polearms       | 1 2 3 |  3.8
Axes           | 4 5 6 8 9 11 13 14 15 19 | 19.8
Fighting       | 4 5 6 8 9 10 11 12 14 16 17 18 20 23 24 | 24.4
Evocations     | 1 3 4 6 8 9 10 11 | 11.5
Armour         | 3 5 6 8 10 11 12 13 | 13.5
Dodging        | 3 4 6 8 10 13 17 20 | 20.0
Throwing       | 5 6 7 9 |  9.1

Action                   |  1- 3 |  4- 6 |  7- 9 | 10-12 | 13-15 | 16-18 | 19-21 || total
-------------------------+-------+-------+-------+-------+-------+-------+-------++-------
Melee: Hand axe          |    70 |   119 |   200 |   363 |   794 |   536 |     7 ||  2089
       Headbutt          |     7 |    15 |    45 |    82 |   211 |   246 |    52 ||   658
       Punch             |       |     1 |     1 |     6 |    16 |     6 |     1 ||    31
       War axe           |       |       |       |     7 |    30 |       |       ||    37
       Battleaxe         |       |       |       |       |    35 |   476 |   251 ||   762
Throw: Dart              |       |       |       |       |       |     5 |       ||     5
Invok: Berserk           |     1 |     8 |     9 |    24 |    27 |    15 |     2 ||    86
       Trog's Hand       |       |     1 |       |       |     1 |       |       ||     2
       Brothers in Arms  |       |       |       |       |     2 |     1 |     1 ||     4
Evoke: Box of beasts     |       |       |       |       |     1 |       |       ||     1
       Wand              |       |       |       |       |       |     4 |       ||     4
  Use: Scroll            |       |       |     3 |     8 |    18 |     4 |     1 ||    34
       Potion            |       |       |       |       |     5 |     4 |     1 ||    10
 Stab: Sleeping          |     1 |       |       |       |       |       |       ||     1
Armor: Animal skin       |    14 |       |       |       |       |       |       ||    14
       Scale mail        |       |    52 |    65 |       |       |       |       ||   117
       Chain mail        |       |       |     7 |   244 |   400 |   485 |   227 ||  1363
Dodge: Dodged            |    55 |    70 |    90 |   188 |   417 |   588 |   195 ||  1603
